 Dungeon Crawl Stone Soup version 0.31-a0-7-g51783674b7 (webtiles) character file.

Game seed: 4540086981150836369

447 Pimp the Trooper (level 6, -4/49 HPs)
             Began as a Demonspawn Fighter on May 5, 2023.
             Was a Follower of Okawaru.
             Slain by a mummy (13 damage)
             ... in an ossuary.
             The game lasted 00:07:25 (3297 turns).

Pimp the Trooper (Demonspawn Fighter)               Turns: 3297, Time: 00:07:26

Health: -4/49      AC: 10    Str: 19    XL:     6   Next: 73%
Magic:  6/6        EV:  9    Int:  9    God:    Okawaru [*.....]
Gold:   111        SH:  6    Dex: 12    Spells: 5/5 levels left

rFire   . . .        a - +1 war axe
rCold   . . .        c - +1 buckler
rNeg    . . .        b - +0 scale mail
rPois   .            (helmet restricted)
rElec   .            i - +0 cloak
rCorr   .            (no gloves)
SInv    .            (no boots)
Will    +....        (no amulet) Stlth
                     h - ring of willpower
HPRegen 0.28/turn    (no ring)
MPRegen 0.10/turn

%: no passive effects
@: no status effects
A: antennae 1, thin metallic scales 1, spiny 1
a: Renounce Religion, Heroism


You were in an ossuary.
You worshipped Okawaru.
Okawaru was aware of your devotion.
You visited 1 branch of the dungeon, and saw 4 of its levels.
You also visited: Sewer and Ossuary.

You collected 111 gold pieces.

Inventory:

Hand Weapons
 a - a +1 war axe (weapon)
Armour
 b - a +0 scale mail (worn)
 c - a +1 buckler (worn)
 i - a +0 cloak (worn)
Jewellery
 h - a ring of willpower (left hand)
 n - a ring of wizardry
Wands
 g - a wand of polymorph (6)
Scrolls
 j - a scroll of identify
 q - a scroll of fog
 s - a scroll of vulnerability {unknown}
Potions
 e - 3 potions of lignification {unknown}
 f - a potion of brilliance {unknown}
 k - 2 potions of attraction {unknown}
 l - 2 potions of curing {unknown}
 m - 2 potions of flight {unknown}
 o - a potion of heal wounds {unknown}
 p - a potion of resistance {unknown}


   Skills:
 + Level 4.5 Fighting
 + Level 3.5 Axes
 + Level 4.1 Armour
 + Level 4.2 Shields


You had 5 spell levels left.
You didn't know any spells.
Your spell library contained the following spells:

 Spells                   Type           Power      Damage    Failure   Level
 Magic Dart               Conj           0%         1d3       83%         1
 Blink                    Tloc           0%         N/A       92%         2
 Lesser Beckoning         Tloc           0%         N/A       92%         2
 Momentum Strike          Conj/Tloc      0%         3d8       92%         2
 Inner Flame              Hex/Fire       0%         N/A       99%         3
 Mephitic Cloud           Conj/Pois/Air  0%         N/A       99%         3
 Flame Wave               Conj/Fire      0%         2d4       100%        4
 Sticky Flame             Conj/Fire      0%         2d3       100%        4
 Conjure Ball Lightning   Conj/Air       0%         3x3d6     100%        6
 Discord                  Hex            0%         N/A       100%        8
 Disjunction              Tloc           0%         N/A       100%        8
 Call Imp                 Summ           Unusable   N/A       N/A         2

Dungeon Overview and Level Annotations

Branches:
Dungeon (4/15)              Sewer (visited)         Ossuary (1/1)
 Temple: D:4-7

Altars:
Okawaru

Shops:
D:1 !   D:2 *


Innate Abilities, Weirdness & Mutations

You have a pair of small antennae on your head.
You are partially covered in thin metallic scales. (AC +2)
You are partially covered in sharp spines.


Message History

You block the mummy's attack.
You barely miss the mummy. You slash the gnoll zombie!
You destroy the gnoll zombie!
Okawaru accepts your kill.
You hit the mummy. The mummy hits you! The mummy hits you but does no damage.
You slash the kobold zombie!
You destroy the kobold zombie!
Okawaru accepts your kill.
You hit the mummy. x2
You barely miss the mummy.
The mummy is heavily damaged.
You hit the mummy. The mummy is struck by your spines. The mummy hits you.
The mummy hits you!
* * * LOW HITPOINT WARNING * * *
You hit the mummy.
The mummy is heavily damaged.
You hit the mummy.
You destroy the mummy!
Okawaru accepts your kill.
You barely miss the kobold zombie.
The kobold zombie is struck by your spines.
The kobold zombie hits you but does no damage.
The mummy is struck by your spines. The mummy barely misses you.
The kobold zombie hits you but does no damage.
You hit the mummy.
The mummy is severely damaged.
You hit the kobold zombie.
You destroy the kobold zombie!
Okawaru accepts your kill. The mummy is struck by your spines.
You destroy the mummy!
Okawaru accepts your kill. 2 mummies come into view.
There are monsters nearby!
A gnoll zombie comes into view.
You hit the mummy.
The mummy is lightly damaged.
You hit the mummy. The mummy hits you but does no damage.
The mummy is struck by your spines. The mummy hits you!
You die...

..............
.............
...Z.......
........#
......# #....#
#....# #.MM.#
#..@.# #....#
#....# #....#
#....# #.∩∩.#
######


You could see 2 mummies and a gnoll zombie.

Vanquished Creatures
  4 wights
  An iguana (D:4)
  A hell rat (Sewer)
  2 mummies (Ossuary)
  5 adders
  2 river rats (Sewer)
  4 worms
  4 dart slugs (D:1)
  5 orcs
  7 endoplasms
  3 giant cockroaches
  3 gnoll zombies (Ossuary)
  10 hobgoblins
  3 kobolds
  4 quokkas
  3 ball pythons
  7 bats
  3 frilled lizards (D:1)
  8 goblins
  A hobgoblin zombie (Ossuary)
  2 kobold zombies (Ossuary)
  An orc zombie (Ossuary)
  11 rats
94 creatures vanquished.

Notes
Turn   | Place    | Note
-------+----------+-------------------------------------------
     0 | D:1      | Pimp the Demonspawn Fighter began the quest for the Orb.
     0 | D:1      | Reached XP level 1. HP: 18/18 MP: 1/1
   195 | D:1      | Gained mutation: You have a pair of small antennae on your
                  | head. [demonic ancestry]
   195 | D:1      | Reached XP level 2. HP: 17/24 MP: 2/2
   250 | D:1      | Found Zuefuh's Distillery.
   600 | D:1      | Reached XP level 3. HP: 28/29 MP: 3/3
  1654 | D:2      | Found a faded altar of an unknown god.
  1707 | D:2      | Found Wuzir's Assorted Antiques.
  1921 | D:3      | Found an iron altar of Okawaru.
  1936 | D:3      | Gained mutation: You are partially covered in sharp spines.
                  | [demonic ancestry]
  1936 | D:3      | Reached XP level 4. HP: 35/35 MP: 4/4
  1938 | D:3      | Became a worshipper of Warmaster Okawaru
  2032 | D:3      | Found a glowing drain.
  2041 | Sewer    | Entered a sewer
  2329 | D:3      | Gained mutation: You are partially covered in thin metallic
                  | scales. (AC +2) [demonic ancestry]
  2329 | D:3      | Reached XP level 5. HP: 42/42 MP: 5/5
  2922 | D:3      | Reached XP level 6. HP: 6/46 MP: 6/6
  3173 | D:4      | Reached * piety under Okawaru
  3247 | D:4      | Found a sand-covered staircase.
  3257 | Ossuary  | Entered an ossuary
  3297 | Ossuary  | Slain by a mummy

Illustrated notes

Levels and vault maps discovered:
D:1:      lemuel_arrival_hallway, layout_loops_ring, serial_shops, shop,
          nicolae_wormholes
D:2:      layout_loops_corners, serial_shops, nicolae_shop_behind_doors,
          shapermc_ecumenical_altar_venn
D:3:      layout_loops_corners, okawaru_metal_pillars_3,
          cheibrodos_sewer_entry_drain, grunt_decor_one_mirror, fountainhead,
          guppyfry_early_orc_mine
D:4:      layout_basic, lemuel_mausoleum_altar_kikubaaqudgha,
          nicolae_overflow_crystal_walls, gammafunk_ghost_arena, enter_ossuary_1
Ossuary:  ossuary_tomb_3

Skill      XL: |  1  2  3  4  5  6 |
---------------+-------------------+-----
Axes           | 2 3 |  3.5
Shields        | 3 4 |  4.2
Armour         | 3 4 |  4.1
Fighting       | 4 |  4.5

Action                     |  1- 3 |  4- 6 || total
---------------------------+-------+-------++-------
  Melee: War axe           |   132 |   106 ||   238
    Use: Scroll            |     6 |     2 ||     8
         Potion            |     2 |       ||     2
 Armour: Scale mail        |    79 |    52 ||   131
  Dodge: Dodged            |    70 |    43 ||   113
  Block: Buckler           |    23 |    36 ||    59

Table legend: (Time is in decaauts)
 A = Elapsed time spent in this place.
 B = Non-inter-level travel time spent in this place.
 C = Inter-level travel time spent in this place.
 D = Time resting spent in this place.
 E = Time spent auto-exploring this place.
 F = Levels seen in this place.
 G = Mean time per level.
                   A        B        C        D        E       F      G
               +--------+--------+--------+--------+--------+-----+--------+
         Total |   3390 |   3263 |    127 |    280 |   2173 |   6 |  565.0 |
       Dungeon |   3206 |   3079 |    127 |    275 |   2086 |   4 |  801.5 |
         Sewer |    138 |    138 |      0 |      0 |     86 |   1 |  138.0 |
       Ossuary |     46 |     46 |      0 |      5 |      0 |   1 |   46.0 |
               +--------+--------+--------+--------+--------+-----+--------+

Top non-repeatable levels by time:
     D:3: 1113 daAuts
     D:2: 1022 daAuts
     D:1: 883 daAuts
     D:4: 186 daAuts
   Sewer: 138 daAuts
 Ossuary: 46 daAuts
